 Dungeon Crawl Stone Soup version 0.30.0-15-g856e2d3f33 (webtiles) character file.

Game seed: 18171749288453353314

28 qw the Shield-Bearer (level 3, 0/23 HPs)
             Began as a Gargoyle Fighter on May 20, 2023.
             Slain by Terence
             ... wielding a +0 flail
              (8 damage)
             ... on level 2 of the Dungeon.
             The game lasted 00:00:27 (956 turns).

qw the Shield-Bearer (Gargoyle Fighter)              Turns: 956, Time: 00:00:28

Health: 0/23       AC: 10    Str: 21    XL:     3   Next: 12%
Magic:  3/3        EV:  9    Int:  8    God:
Gold:   960        SH:  4    Dex:  9    Spells: 2/2 levels left

rFire   . . .        Y - +0 war axe
rCold   . . .        c - +0 buckler
rNeg    + . .        b - +0 scale mail
rPois   inf          (no helmet)
rElec   +            (no cloak)
rCorr   .            (no gloves)
SInv    .            (no boots)
Will    .....        (no amulet) Stlth
                     (no ring)
HPRegen 0.23/turn    (no ring)
MPRegen 0.08/turn

%: no passive effects
@: no status effects
A: sickness immunity, AC +3, negative energy resistance 1, electricity
resistance, torment resistance 1, petrification resistance
a: no special abilities


You were on level 2 of the Dungeon.
You visited 1 branch of the dungeon, and saw 2 of its levels.

You collected 960 gold pieces.


Innate Abilities, Weirdness & Mutations

You are immune to sickness and miasma.
Your stone body is resilient. (AC +3)
You are immune to poison.
You resist negative energy. (rN+)
You are resistant to electric shocks. (rElec)
You are resistant to unholy torment.
You are immune to petrification.


   Skills:
 - Level 3.2 Fighting
 + Level 3.2 Axes
 - Level 3.2 Armour
 - Level 3.2 Shields


You had 2 spell levels left.
You didn't know any spells.
Your spell library was empty.

Inventory:

Hand Weapons
 j - a +0 club
 Y - a +0 war axe (weapon)
Armour
 b - a +0 scale mail (worn)
 c - a +0 buckler (worn)
Scrolls
 a - a scroll of amnesia {unknown}
Potions
 d - a potion of might
 e - a potion of attraction {unknown}
 h - a potion of resistance
 k - 2 potions of lignification {unknown}
 l - a potion of curing
 m - a potion of invisibility {unknown}

Dungeon Overview and Level Annotations

Branches:
Dungeon (2/15)

Altars:

Annotations:
D:2 Terence


Message History

You hit the goblin.
You kill the goblin!
Found 6 stones.
You now have 952 gold pieces (gained 7).
You see here 6 stones.
You open the door.
There is an open door here.
You now have 960 gold pieces (gained 8).
A bat comes into view.
Found a lumpy dark potion.
Enter note:
Enter note: The bat completely misses you.
You hit the bat.
You kill the bat!
Found a stone staircase leading up.
k - 2 lumpy dark potions (gained 1)
Enter note:
a - a scroll labelled YRUESE ANLOUSY Terence the Incautious comes into view.
He is wielding a +0 flail.
Terence shouts!
Terence shouts, "Now you die!"
You hit Terence but do no damage. Terence hits you with a +0 flail.
Terence closely misses you.
You hit Terence.
Terence is moderately wounded.
Terence hits you with a +0 flail.
You slash Terence!
Terence is severely wounded.
Terence closely misses you.
You hit Terence.
Terence is almost dead.
Terence hits you but does no damage. Terence hits you with a +0 flail.
You closely miss Terence.
Terence is almost dead.
You block Terence's attack.
You barely miss Terence.
Terence is almost dead.
Terence hits you with a +0 flail!
You die...

#. #. #. . #.
######### #.# #.
#......... ....##.
####.........
#...@###
#............
#..@.###.#.........
##................##
###..####........#8
###.####.#####....
...............%..
##.<....#####....
##.###...# #..#8 #.#
#...###.### ..
....##.....


You could see Terence.

Vanquished Creatures
  A dart slug (D:1)
  3 bats
  4 endoplasms
  A giant cockroach (D:1)
  4 goblins
  3 jackals (D:1)
  4 ball pythons
  A frilled lizard (D:1)
  A kobold (D:1)
  2 rats (D:1)
24 creatures vanquished.

Notes
Turn   | Place    | Note
-------+----------+-------------------------------------------
     0 | D:1      | qw the Gargoyle Fighter began the quest for the Orb.
     0 | D:1      | Reached XP level 1. HP: 14/14 MP: 1/1
     0 | D:1      | 0 ||| qw: Version: 0.2-a-97-g499787f
     0 | D:1      | 0 ||| qw: Game counter: 74
     0 | D:1      | 0 ||| qw: Always use a shield: true
     0 | D:1      | 0 ||| qw: God list: Okawaru
     0 | D:1      | 0 ||| qw: Allow faded altars: false
     0 | D:1      | 0 ||| qw: Do Orc after D:15 true
     0 | D:1      | 0 ||| qw: Do second Lair branch before Depths: true
     0 | D:1      | 0 ||| qw: Lair rune preference: random
     0 | D:1      | 0 ||| qw: Plans: Normal, Zot:1-4, God:TSO, Crypt, Tomb,
                  | Pan, Slime:5, Hells, Abyss, Win
     0 | D:1      | 0 ||| PLANNING D:1-11
   151 | D:1      | 151 ||| Stepping ~*~*~tactically~*~*~ (stealth).
   180 | D:1      | Reached XP level 2. HP: 16/19 MP: 2/2
   579 | D:1      | Found a faded altar of an unknown god.
   727 | D:1      | 727 ||| Stepping ~*~*~tactically~*~*~ (hiding).
   762 | D:1      | 762 ||| READING scroll labelled VEFFEOTENT.
   763 | D:1      | 763 ||| READING scroll labelled FECLOPP TUEJUA.
   764 | D:1      | 764 ||| READING scroll labelled SAYBOM GIEXE.
   765 | D:1      | 765 ||| READING scroll labelled JIDUOTHR DUEWNA.
   765 | D:1      | Identified a scroll of acquirement
   765 | D:1      | 765 ||| ACQUIRING 894 gold pieces
   765 | D:1      | Acquired 894 gold pieces
   767 | D:1      | 767 ||| DRINKING 2 viscous silvery potions.
   768 | D:1      | 768 ||| DRINKING 2 fizzy ruby potions.
   829 | D:2      | Reached skill level 3 in Axes
   837 | D:2      | Reached XP level 3. HP: 23/23 MP: 3/3
   947 | D:2      | Noticed Terence
   956 | D:2      | Slain by Terence

Levels and vault maps discovered:
D:1:      minmay_arrival_up_and_down, layout_loops_ring,
          shapermc_ecumenical_altar_mp_vishouse, minmay_misc_feat_enclosed
D:2:      layout_basic, serial_corexii_hall, chequers_hall_statues_y,
          corexii_hall_statues_i, minmay_diced_spiral, uniq_terence

Skill      XL: |  1  2 |
---------------+-------+-----
Axes           | 2 3 |  3.2
Fighting       | |  3.2
Armour         | |  3.2
Shields        | |  3.2

Action                     || total
---------------------------++-------
  Melee: War axe           ||    84
    Use: Scroll            ||     4
         Potion            ||     2
 Armour: Scale mail        ||    44
  Dodge: Dodged            ||    48
  Block: Buckler           ||    10

Table legend:
 A = Non-vault XP
 B = Vault XP
 C = Vault XP percentage of total XP
 D = Non-vault monster count
 E = Vault monster count
 F = Vault count percentage of total count
                 A         B        C        D         E       F
            +---------+---------+-------+---------+---------+-------
      Total |      40 |       0 |   0.0 |      24 |       0 |   0.0
            +---------+---------+-------+---------+---------+-------
        D:1 |      29 |       0 |   0.0 |      17 |       0 |   0.0
        D:2 |      11 |       0 |   0.0 |       7 |       0 |   0.0
            +---------+---------+-------+---------+---------+-------
